 Dungeon Crawl Stone Soup version 0.29.0-4-gdea44cf6ec (webtiles) character file.

Game seed: 5643082722686059159

85 raph the Stinger (level 4, 0/33 HPs)
             Began as a Draconian Venom Mage on Aug 26, 2022.
             Slain by a phantom (1 damage)
             ... on level 3 of the Dungeon.
             The game lasted 00:04:09 (3064 turns).

raph the Stinger (Draconian Venom Mage)             Turns: 3064, Time: 00:04:09

Health: 0/33       AC:  5    Str: 11    XL:     4   Next: 25%
Magic:  1/7        EV: 12    Int: 17    God:
Gold:   74         SH:  0    Dex: 11    Spells: 1/7 levels left

rFire   . . .      SeeInvis .   b - +0 short sword
rCold   . . .      Faith    .   k - orb {light}
rNeg    . . .      Spirit   .   (body armour unavailable)
rPois   .          Reflect  .   (helmet restricted)
rElec   .          Harm     .   (no cloak)
rCorr   .          Rampage  .   (no gloves)
Will    .....                   (no boots)
Stlth   +.........              (no amulet)
HPRegen 0.11/turn               (no ring)
MPRegen 0.10/turn               (no ring)

@: lethally poisoned (0 -> -27), glowing
A: AC +5, unfitting armour, cold-blooded
a: no special abilities


You were on level 3 of the Dungeon.
You visited 1 branch of the dungeon, and saw 3 of its levels.

You collected 74 gold pieces.

Inventory:

Hand Weapons
 b - a +0 short sword (weapon)
Armour
 k - an orb of light (worn)
Jewellery
 j - a ring of positive energy
Scrolls
 e - a scroll of identify
Potions
 a - a potion of magic
 d - a potion of heal wounds
 f - a potion of lignification {unknown}
 g - 3 potions of curing {unknown}
 h - 2 potions of flight {unknown}
 i - a potion of cancellation {unknown}


   Skills:
 - Level 2.2 Dodging
 - Level 2.2 Stealth
 - Level 2.3 Spellcasting
 + Level 1.5 Conjurations
 - Level 1.0 Transmutations
 + Level 4.0 Poison Magic


You had one spell level left.
You knew the following spells:

 Your Spells              Type           Power      Damage    Failure   Level
a - Sting                 Tmut/Pois      40%        1d5       7%          1
b - Poisonous Vapours     Pois/Air       16%        N/A       12%         2
c - Mephitic Cloud        Conj/Pois/Air  8%         N/A       26%         3

Your spell library contained the following spells:

 Spells                   Type           Power      Damage    Failure   Level
 Necrotise                Necr           4%         1d4       19%         1
 Olgreb's Toxic Radiance  Pois           15%        N/A       34%         4
 Vampiric Draining        Necr           1%         2d6       50%         3
 Agony                    Necr           1%         N/A       99%         5


Dungeon Overview and Level Annotations

Branches:
Dungeon (3/15)

Altars:


Innate Abilities, Weirdness & Mutations

Your plain brown scales are hard. (AC +5)
You cannot fit into any form of body armour.
You are cold-blooded and may be slowed by cold attacks.


Message History

Nothing appears to happen.
You don't have enough magic to cast this spell.
Unknown command.
You hit the phantom but do no damage.
The phantom is lightly damaged.
The phantom hits you.
The air fills with toxic fumes!
As you read the scroll labelled GAQ OBYSAMI, it crumbles to dust.
It was a scroll of poison.
The phantom hits you.
You hit the phantom.
Your tail-slap misses the phantom.
The phantom is lightly damaged.
The phantom hits you.
* * * LOW HITPOINT WARNING * * *
The phantom blinks!
You blink.
You hit the phantom.
The phantom is moderately damaged.
You are engulfed in poison gas.
You are lethally poisoned!
* * * LOW HITPOINT WARNING * * *
x2 You feel very sick.
The phantom barely misses you.
You feel much better.
You are engulfed in poison gas.
You are lethally poisoned!
You feel very sick.
The phantom hits you but does no damage.
Your magical contamination has completely faded away.
Okay, then.
Okay, then.
You hit the phantom.
Your tail-slap misses the phantom.
The phantom is moderately damaged.
You are engulfed in poison gas.
You are more poisoned.
You feel extremely sick. The phantom hits you.
* * * LOW HITPOINT WARNING * * *
The phantom blinks!
You blink.
* * * LOW HITPOINT WARNING * * *
You feel extremely sick. The orc hits you but does no damage.
The phantom hits you.
You die...

......≈≈
#§§§....§≈
#§≈§....≈#
#.§§....≈#
#.≈.....§#
#§§☼☼§§§≈##
#§§§§§§§≈§####
#§§☼§☼§§☼§≈§≈§
#☼§§@W☼☼§§☼☼..
##§o☼§≈§§§☼§..
###.#§§§§§§§§...
#...##§§§§§§§...
#.#####§§§§.§...
#§.....§☼§.§≈≈.
##...##§§#.§§.#
#...##..#.#..#
#...##.......#


You could see a phantom and an orc.

Vanquished Creatures
  An orc wizard (D:3)
  2 adders (D:2)
  A dart slug (D:2)
  An orc (D:3)
  A giant cockroach (D:2)
  7 goblins
  4 hobgoblins
  2 quokkas
  6 ball pythons
  7 bats
  4 frilled lizards
  3 kobolds
  5 rats
44 creatures vanquished.

Notes
Turn   | Place    | Note
-------+----------+-------------------------------------------
     0 | D:1      | raph the Draconian Venom Mage began the quest for the Orb.
     0 | D:1      | Reached XP level 1. HP: 14/14 MP: 3/3
   435 | D:1      | Found a faded altar of an unknown god.
   914 | D:1      | Reached XP level 2. HP: 16/20 MP: 3/5
   917 | D:1      | Learned a level 2 spell: Poisonous Vapours
  1555 | D:2      | Reached XP level 3. HP: 13/26 MP: 0/6
  1559 | D:2      | Learned a level 3 spell: Mephitic Cloud
  2843 | D:3      | Reached skill level 1 in Conjurations
  3025 | D:3      | Noticed a phantom
  3039 | D:3      | Reached skill level 4 in Poison Magic
  3039 | D:3      | Reached XP level 4. HP: 21/33 MP: 2/7
  3061 | D:3      | HP: 1/33 [poisoned by you (poison gas)]
  3064 | D:3      | Slain by a phantom

Illustrated notes

Levels and vault maps discovered:
D:1:      heliophobic_arrival_ceremonial_halls, layout_loops_ring,
          dreamdust_ecumenical_altar_statues
D:2:      layout_loops_corners
D:3:      layout_basic, serial_shops, shop_fountains,
          kennysheep_decorative_pillar, nicolae_titane, uniq_sigmund

Skill      XL: |  1  2  3 |
---------------+----------+-----
Stealth        | 2 |  2.2
Dodging        | 2 |  2.2
Conjurations   | 1 |  1.5
Poison Magic   | 4 |  4.0
Spellcasting   | |  2.3
Transmutations | |  1.0

Action                   |  1- 3 |  4- 6 || total
-------------------------+-------+-------++-------
Melee: Short sword       |    36 |     5 ||    41
       Tailslap          |     1 |       ||     1
 Cast: Sting             |    47 |     3 ||    50
       Poisonous Vapours |     9 |       ||     9
       Mephitic Cloud    |     1 |       ||     1
  Use: Scroll            |     3 |     1 ||     4
       Potion            |       |     1 ||     1
 Stab: Sleeping          |     2 |       ||     2
Armor: Skin              |    23 |     2 ||    25
Dodge: Dodged            |    43 |     2 ||    45
